 Dungeon Crawl Stone Soup version 0.27-a0-1202-ge72e49191c (webtiles) character file.

Game seed: 7722719677223128984

1379 streetpizza the Skirmisher (level 8, -3/65 HPs)
             Began as a Demonspawn Monk on June 4, 2021.
             Was a Priest of Dithmenos.
             Slain by an acid dragon (4 damage)
             ... on level 6 of the Dungeon.
             The game lasted 00:24:10 (5799 turns).

streetpizza the Skirmisher (Demonspawn Monk)        Turns: 5799, Time: 00:24:11

Health: -3/65      AC: -5    Str: 11    XL:     8   Next: 39%
Magic:  10/10      EV: 15    Int: 12    God:    Dithmenos [***...]
Gold:   385        SH:  0    Dex: 18    Spells: 7/7 levels left

rFire    . . .     SeeInvis .   l - +4 quarterstaff (chaos)
rCold    . . .     Faith    .   (shield currently unavailable)
rNeg     . . .     Spirit   .   b - +0 robe
rPois    .         Reflect  .   (helmet unavailable)
rElec    .         Harm     .   m - +0 cloak
rCorr    .         Rampage  .   (no gloves)
Will     .....                  (no boots)
Stlth    +++.......             f - amulet of the acrobat
HPRegen  0.20/turn              z - ring of wizardry
MPRegen  0.12/turn              (no ring)

@: corroded, wreathed by umbra
A: horns 3, powered by death 1, sturdy frame 1
a: Renounce Religion, Shadow Step


You were on level 6 of the Dungeon.
You worshipped Dithmenos.
Dithmenos was most pleased with you.
You visited 2 branches of the dungeon, and saw 7 of its levels.
You also visited: Sewer.

You collected 385 gold pieces.

Inventory:

Hand Weapons
 a - a +0 mace
 l - a +4 quarterstaff of chaos (weapon)
 n - a +1 whip of distortion
Missiles
 h - 13 poisoned darts (quivered)
 j - 193 stones
 A - 5 boomerangs of dispersal
Armour
 b - a +0 robe (worn)
 m - a +0 cloak (worn)
 q - a +5 ring mail
 B - a +2 buckler
Jewellery
 f - an amulet of the acrobat (around neck)
 z - a ring of wizardry (left hand)
Wands
 w - a wand of paralysis (6)
Scrolls
 c - 4 scrolls of identify {unknown}
 g - a scroll of amnesia
 i - a scroll of enchant armour
 p - a scroll of fear
 x - a scroll of fog {unknown}
 y - a scroll of enchant weapon
Potions
 d - 2 potions of flight
 e - 2 potions of lignification
 k - a potion of berserk rage {unknown}
 o - a potion of might {unknown}
 r - 4 potions of heal wounds {unknown}
 s - a potion of mutation {unknown}
 t - a potion of brilliance {unknown}
 u - a potion of curing {unknown}
 v - a potion of attraction {unknown}


   Skills:
 + Level 6.4 Fighting
 + Level 5.8 Maces & Flails
 + Level 5.8 Dodging
 - Level 1.7 Stealth
 + Level 3.8 Invocations


You had 7 spell levels left.
You didn't know any spells.
Your spell library contained the following spells:

 Spells                   Type           Power      Damage    Failure   Level
 Animate Skeleton         Necr           0%         N/A       13%         1
 Apportation              Tloc           0%         N/A       13%         1
 Corona                   Hex            0%         N/A       13%         1
 Sandblast                Erth           0%         2d4       13%         1
 Sting                    Tmut/Pois      0%         1d3       13%         1
 Summon Small Mammal      Summ           0%         N/A       13%         1
 Passwall                 Tmut/Erth      0%         N/A       21%         2
 Poisonous Vapours        Pois/Air       0%         N/A       21%         2
 Conjure Flame            Conj/Fire      0%         6-21      36%         3
 Stone Arrow              Conj/Erth      0%         3d7       36%         3
 Petrify                  Tmut/Erth      0%         N/A       75%         4
 Lee's Rapid Deconstruct  Erth           0%         3d5*      97%         5
 Eringya's Noxious Bog    Tmut/Pois      0%         N/A       100%        6
 Ignition                 Fire           0%         3d3       100%        8


Dungeon Overview and Level Annotations

Branches:
Dungeon (6/15)             Temple (1/1) D:5           Sewer (visited)

Altars:
Ashenzari
Cheibriados
Dithmenos
Elyvilon
Fedhas
Gozag
Hepliaklqana
Kikubaaqudgha
Makhleb
Nemelex Xobeh
Okawaru
Ru
Sif Muna
Trog
Uskayaw
Vehumet
Xom
Zin
The Shining One

Shops:
D:1 (


Innate Abilities, Weirdness & Mutations

You have a pair of large horns on your head.
You regenerate a little health from kills.
Your movements are slightly less encumbered by armour. (ER -2)


Message History

An acid dragon comes into view.
The helpless acid dragon fails to defend itself.
You sock the acid dragon!
The acid dragon roars!
The acid dragon seems to speed up.
The acid dragon is moderately wounded.
The acid dragon spits acid at you. The splash of acid hits you!
The acid corrodes you!
You are splashed with acid!
You barely miss the acid dragon.
The acid dragon is moderately wounded.
The acid dragon bites you. The acid dragon barely misses you.
The acid dragon bites you! The acid dragon barely misses you.
You barely miss the acid dragon.
The acid dragon is moderately wounded.
The acid dragon misses you. The acid dragon barely misses you. x2
The acid dragon misses you.
You hit the acid dragon. You freeze the acid dragon.
You headbutt the acid dragon.
The acid dragon is heavily wounded.
The acid dragon barely misses you. The acid dragon misses you.
A jelly comes into view.
You closely miss the acid dragon. Your headbutt misses the acid dragon.
The acid dragon is heavily wounded.
The acid dragon spits acid at you. The splash of acid hits you!
* * * LOW HITPOINT WARNING * * *
The acid corrodes you!
You are splashed with acid!
* * * LOW HITPOINT WARNING * * *
The acid dragon barely misses you. The acid dragon claws you.
* * * LOW HITPOINT WARNING * * *
You hit the acid dragon but do no damage.
The acid dragon is heavily wounded.
The acid dragon barely misses you. x2; The acid dragon closely misses you.
The acid dragon claws you.
* * * LOW HITPOINT WARNING * * *
You hit the acid dragon.
The acid dragon goes berserk!
The acid dragon is severely wounded.
The acid dragon barely misses you. The acid dragon misses you.
The acid dragon bites you.
You die...

.. . ≈≈≈. .
≈≈≈≈≈ ##. ≈≈≈≈≈
..#..≈≈≈≈≈
#.#...≈≈≈≈≈
#D#....≈≈≈≈ ##
###@......≈≈≈
###. .
#........≈≈
...#.
#.#.≈....≈≈ #...
#.#≈≈J....≈
##.###..≈≈......
....###........
#.#.###..####.#
#.#.........#
##.#.#######.#


You could see an acid dragon (berserk, fast, catching breath) and a jelly.

Vanquished Creatures
  A black bear (D:6)
  2 sky beasts
  2 necrophages
  2 phantoms (D:4)
  A kobold brigand (Sewer)
  A bullfrog (D:5)
  2 scorpions (D:5)
  A hound (D:5)
  Crazy Yiuf (D:2)
  2 iguanas
  Natasha (thrice) (D:2)
  2 hound skeletons
  Robin (D:2)
  4 gnolls (D:4)
  4 adders
  2 river rats (Sewer)
  A white imp (D:5)
  A worm (D:4)
  2 dart slugs
  10 orcs
  8 ball pythons
  11 endoplasms
  5 giant cockroaches
  21 goblins
  14 hobgoblins
  4 jackals
  12 kobolds
  5 quokkas
  2 bats
  3 frilled lizards
  9 rats
139 creatures vanquished.

Vanquished Creatures (others)
  5 fungi (D:2)
  5 plants (D:3)
  5 toadstools (D:1)
15 creatures vanquished.

Grand Total: 154 creatures vanquished

Notes
Turn   | Place    | Note
-------+----------+-------------------------------------------
     0 | D:1      | streetpizza the Demonspawn Monk began the quest for the
                  | Orb.
     0 | D:1      | Reached XP level 1. HP: 18/18 MP: 1/1
    11 | D:1      | Found Tecu's Antique Weapon Emporium.
   194 | D:1      | Gained mutation: You have a pair of small horns on your
                  | head. [demonic ancestry]
   194 | D:1      | Reached XP level 2. HP: 14/24 MP: 2/2
   973 | D:2      | Noticed Natasha
  1006 | D:2      | Gained mutation: You regenerate a little health from kills.
                  | [demonic ancestry]
  1006 | D:2      | Reached XP level 3. HP: 29/29 MP: 3/3
  1033 | D:2      | Killed Natasha
  1117 | D:2      | Noticed Natasha
  1144 | D:2      | Killed Natasha
  1145 | D:2      | Gained mutation: You have a pair of horns on your head.
                  | [demonic ancestry]
  1145 | D:2      | Reached XP level 4. HP: 12/37 MP: 4/4
  1159 | D:2      | Noticed Natasha
  1165 | D:2      | Killed Natasha
  1324 | D:2      | Reached skill level 4 in Fighting
  1581 | D:2      | Noticed Robin
  1606 | D:2      | Killed Robin
  1607 | D:2      | Gained mutation: You have a pair of large horns on your
                  | head. [demonic ancestry]
  1607 | D:2      | Reached XP level 5. HP: 20/42 MP: 5/5
  1927 | D:2      | Found a runed translucent door.
  1928 | D:2      | Noticed Crazy Yiuf
  1936 | D:2      | Killed Crazy Yiuf
  2584 | D:3      | Found a faded altar of an unknown god.
  2596 | D:3      | Became a worshipper of Dithmenos the Shadowed
  2596 | D:3      | Reached * piety under Dithmenos
  2596 | D:3      | Reached ** piety under Dithmenos
  3159 | D:3      | Reached *** piety under Dithmenos
  3378 | D:4      | Reached XP level 6. HP: 49/49 MP: 6/6
  3568 | D:4      | Found Enun's General Store.
  3713 | D:4      | Found a glowing drain.
  3722 | Sewer    | Entered a sewer
  3834 | Sewer    | Reached skill level 5 in Fighting
  4114 | D:4      | Found a faded altar of an unknown god.
  4114 | D:4      | Found a broken altar of Ashenzari.
  4120 | D:4      | Found a snail-covered altar of Cheibriados.
  4122 | D:4      | Found a faded altar of an unknown god.
  4124 | D:4      | Found a shimmering blue altar of Sif Muna.
  4429 | D:4      | Reached XP level 7. HP: 56/56 MP: 7/7
  4559 | D:5      | Entered Level 5 of the Dungeon
  4563 | D:5      | Reached skill level 5 in Maces & Flails
  4563 | D:5      | Reached skill level 5 in Dodging
  4695 | D:5      | Reached skill level 1 in Invocations
  4825 | D:5      | Identified the Grimoire of Igneous Poison
  4862 | D:5      | Found a staircase to the Ecumenical Temple.
  4921 | D:5      | Reached skill level 6 in Fighting
  4921 | D:5      | Gained mutation: Your movements are slightly less
                  | encumbered by armour. (ER -2) [demonic ancestry]
  4921 | D:5      | Reached XP level 8. HP: 61/64 MP: 8/10
  5270 | Temple   | Entered the Ecumenical Temple
  5798 | D:6      | HP: 1/65 [acid dragon (4)]
  5799 | D:6      | Slain by an acid dragon

Illustrated notes

Levels and vault maps discovered:
D:1:      amcnicky_arrival_choice, layout_rooms, serial_shops,
          nicolae_shop_trees, minmay_gold_behind_fungi, minmay_unequal
D:2:      layout_basic, uniq_robin, uniq_crazy_yiuf_cottage, uniq_natasha
D:3:      corexii_shack_village, layout_basic,
          hellmonk_ecumenical_altar_pennies_from_heaven, minivault_4
D:4:      layout_basic, chequers_temple_overflow_minitemple,
          portal_sewer_entry_d, serial_shops, nicolae_shop_behind_doors,
          hex_intersection
D:5:      layout_loops_cross, minmay_temple_entry_glassed_door,
          grunt_ministairs_8
D:6:      layout_loops_ring, lemuel_old_faithful
Temple:   nicolae_temple_elliptical

Skill      XL: |  1  2  3  4  5  6  7  8 |
---------------+-------------------------+-----
Dodging        | 3 4 5 |  5.8
Maces & Flails | 3 4 5 |  5.8
Fighting       | 4 5 6 |  6.4
Invocations    | 2 3 |  3.8
Stealth        | |  1.7

Action                   |  1- 3 |  4- 6 |  7- 9 || total
-------------------------+-------+-------+-------++-------
Melee: Mace              |    90 |    79 |       ||   169
       Headbutt          |    11 |    29 |    10 ||    50
       Quarterstaff      |       |   143 |    57 ||   200
Throw: Dart              |     2 |     5 |       ||     7
  Use: Potion            |       |     2 |       ||     2
       Scroll            |       |     5 |       ||     5
 Stab: Sleeping          |       |     4 |     3 ||     7
       Distracted        |       |     2 |       ||     2
Armor: Robe              |    11 |    12 |     2 ||    25
       Skin              |       |     6 |       ||     6
       Ring mail         |       |    36 |     8 ||    44
Dodge: Dodged            |    82 |   139 |    50 ||   271

Table legend: (Time is in decaauts)
 A = Elapsed time spent in this place.
 B = Non-inter-level travel time spent in this place.
 C = Inter-level travel time spent in this place.
 D = Time resting spent in this place.
 E = Time spent auto-exploring this place.
 F = Levels seen in this place.
 G = Mean time per level.
                   A        B        C        D        E       F      G
               +--------+--------+--------+--------+--------+-----+--------+
         Total |   5922 |   5649 |    273 |     12 |   4230 |   8 |  740.2 |
       Dungeon |   5481 |   5237 |    244 |     12 |   3910 |   6 |  913.5 |
        Temple |    167 |    138 |     29 |      0 |    137 |   1 |  167.0 |
         Sewer |    272 |    272 |      0 |      0 |    183 |   1 |  272.0 |
               +--------+--------+--------+--------+--------+-----+--------+

Top non-repeatable levels by time:
     D:2: 1359 daAuts
     D:3: 1108 daAuts
     D:4: 994 daAuts
     D:1: 940 daAuts
     D:5: 734 daAuts
     D:6: 344 daAuts
   Sewer: 272 daAuts
  Temple: 167 daAuts
